 Dungeon Crawl Stone Soup version 0.25-a0-949-gdd2af9e06e (webtiles) character file.

Game seed: 18116424036750869954, levelgen mode: deterministic

8 MisterFreud the Ducker (level 2, 0/20 HPs)
             Began as an Octopode Gladiator on May 8, 2020.
             Slain by a goblin
             ... wielding a +0 club
              (1 damage)
             ... on level 1 of the Dungeon.
             The game lasted 00:00:26 (148 turns).

MisterFreud the Ducker (Octopode Gladiator)          Turns: 148, Time: 00:00:26

Health: 0/20       AC:  1    Str: 13    XL:     2   Next: 8%
Magic:  2/2        EV: 13    Int: 10    God:
Gold:   15         SH:  3    Dex: 13    Spells: 1/1 levels left

rFire    . . .     SeeInvis .   a - +0 long sword
rCold    . . .     Gourm    .   f - +0 buckler
rNeg     . . .     Faith    .   b - +0 hat
rPois    .         Spirit   .   (no amulet)
rElec    .         Reflect  .   (no ring)
rCorr    .         Harm     .   (no ring)
MR       .....                  (no ring)
Stlth    ++........             (no ring)
HPRegen  0.06/turn              (no ring)
MPRegen  0.08/turn              (no ring)
                                (no ring)
                                (no ring)

@: no status effects
A: almost no armour, stealthy swim, amphibious, 8 rings, constrict 8, camouflage
1, gelatinous body 1
a: no special abilities


You were on level 1 of the Dungeon.
You were not hungry.

You visited 1 branch of the dungeon, and saw 1 of its levels.

You collected 15 gold pieces.

Inventory:

Hand Weapons
 a - a +0 long sword (weapon)
Missiles
 c - 3 throwing nets (quivered)
Armour
 b - a +0 hat (worn)
 f - a +0 buckler (worn)
Scrolls
 e - a scroll of amnesia {unknown}
Potions
 h - a potion of brilliance {unknown}
Comestibles
 d - 3 rations
 g - 2 chunks of flesh


   Skills:
 * Level 2.6 Fighting
 - Level 3.0 Long Blades
 - Level 2.0 Throwing
 - Level 3.0 Dodging
 + Level 0.5 Shields


You had one spell level left.
You didn't know any spells.
Your spell library was empty.

Dungeon Overview and Level Annotations

Branches:
Dungeon (1/15)

Altars:


Innate Abilities, Weirdness & Mutations

You cannot wear most types of armour.
You are very stealthy in the water. (Stealth+)
You are amphibious.
You can wear up to eight rings at the same time.
You can use your tentacles to constrict eight enemies at once.
Your skin changes colour to match your surroundings (Stealth+).
Your rubbery body absorbs attacks. (AC +1, EV +1)


Message History

Found a metallic ruby potion.
You barely miss the goblin. Your grab misses the goblin. The goblin misses you.
You closely miss the goblin. You grab the goblin. You constrict the goblin.
The goblin hits you with a cursed +0 club.
The goblin hits you with a +0 club. The goblin barely misses you.
The goblin hits you with a +0 club.
* * * LOW HITPOINT WARNING * * *
You are too injured to fight recklessly!
You are too injured to fight recklessly!
Unknown command.
You release your grip on the goblin.
You completely miss the goblin. You grab the goblin. You squeeze the goblin.
You kill the goblin!
You have reached level 2!
The rat bites you.
* * * LOW HITPOINT WARNING * * *
You hit the rat.
You kill the rat!
The goblin hits you with a +0 club.
You die...

.#......^.>..## #.......#
.#.######.....# #.......#
.#.######.....# #!......#
.#.#...##.รท...#####.......#
.#.#...##.....##..........#
.......##.....##.##.......#
.......'...........r.......
##.....#####.###g#.g...####
#.....# #.# #@##.#..#
##.....# #.# #....#..#
...###.# #.. ........#
...###.# ##########.#.
....##.. ...# .#..### #.#
.#..##### .#......#
...###.##.


You could see a goblin.

Vanquished Creatures
  3 goblins (D:1)
  2 bats (D:1)
  3 rats (D:1)
8 creatures vanquished.

Notes
Turn   | Place    | Note
-------+----------+-------------------------------------------
     0 | D:1      | MisterFreud the Octopode Gladiator began the quest for the
                  | Orb.
     0 | D:1      | Reached XP level 1. HP: 14/14 MP: 1/1
   147 | D:1      | Reached XP level 2. HP: 4/20 MP: 2/2
   147 | D:1      | HP: 1/20 [rat (3)]
   148 | D:1      | Slain by a goblin

Levels and vault maps discovered:
D:1:      psy_arrival_heroes, layout_basic

Action                   || total
-------------------------++-------
Melee: Long sword        ||    10
       Tentacles         ||     5
       Constrict         ||     4
 Stab: Sleeping          ||     2
Dodge: Dodged            ||     5
Block: Buckler           ||     1
       Rpst.: Long sword ||     2

Table legend:
 A = Non-vault XP
 B = Vault XP
 C = Vault XP percentage of total XP
 D = Non-vault monster count
 E = Vault monster count
 F = Vault count percentage of total count
                 A         B        C        D         E       F
            +---------+---------+-------+---------+---------+-------
      Total |      12 |       0 |   0.0 |       8 |       0 |   0.0
            +---------+---------+-------+---------+---------+-------
        D:1 |      12 |       0 |   0.0 |       8 |       0 |   0.0
            +---------+---------+-------+---------+---------+-------
